 Dungeon Crawl Stone Soup version 0.20.1-1-g8b1a95d (webtiles) character file.

94 Kingsmith the Skirmisher (level 4, -5/32 HPs)
             Began as a Gargoyle Fighter on Dec 8, 2017.
             Was an Initiate of the Shining One.
             Slain by an iguana (7 damage)
             ... on level 3 of the Dungeon.
             The game lasted 00:02:56 (2177 turns).

Kingsmith the Skirmisher (Gargoyle Fighter)         Turns: 2177, Time: 00:02:57

Health: -5/32      AC: 10    Str: 20    XL:     4   Next: 63%
Magic:  1/1        EV:  7    Int:  9    God:    the Shining One [......]
Gold:   106        SH:  9    Dex:  9    Spells: 3/3 levels left

rFire    . . .     SeeInvis .   o - +0 spear (antimagic)
rCold    . . .     Gourm    .   c - +0 shield
rNeg     + . .     Faith    .   b - +0 scale mail
rPois    ∞         Spirit   .   (no helmet)
rElec    +         Reflect  .   (no cloak)
rCorr    .         Harm     .   (no gloves)
MR       .....                  (no boots)
Stlth    ..........             (no amulet)
Regen    0.1/turn               (no ring)
MPRegen  0.1/turn               (no ring)

@: glowing
A: negative energy resistance 1, electricity resistance, unbreathing,
petrification resistance, rot immunity, AC +3
a: Renounce Religion


You were on level 3 of the Dungeon.
You worshipped the Shining One.
The Shining One was noncommittal.
You were hungry.

You visited 1 branch of the dungeon, and saw 3 of its levels.

You collected 106 gold pieces.

Inventory:

Hand Weapons
 o - a +0 antimagic spear (weapon)
 r - a +4 whip of electrocution
Missiles
 n - 2 tomahawks (quivered)
Armour
 b - a +0 scale mail (worn)
 c - a +0 shield (worn)
Jewellery
 l - an uncursed ring of flight {unknown}
 p - a +4 ring of strength {unknown}
Scrolls
 e - 2 scrolls of teleportation {unknown}
 g - 5 scrolls of identify {unknown}
 j - a scroll of enchant weapon {unknown}
 k - 2 scrolls of fear {unknown}
 s - a scroll of magic mapping {unknown}
 t - a scroll of fog {unknown}
 u - a scroll of immolation {unknown}
 v - a scroll of amnesia {unknown}
Potions
 a - a potion of curing {unknown}
 d - a potion of might
 h - 2 potions of degeneration {unknown}
 i - a potion of agility {unknown}
Comestibles
 f - a bread ration
 m - 3 fruits
 q - 2 meat rations


   Skills:
 + Level 5.7 Fighting
 - Level 2.0 Maces & Flails
 - Level 3.2 Armour
 - Level 3.2 Shields


You had 3 spell levels left.
You didn't know any spells.

Dungeon Overview and Level Annotations

Branches:
Dungeon (3/15)

Altars:
Ashenzari
Gozag
Nemelex Xobeh
Zin
The Shining One


Innate Abilities, Weirdness & Mutations

You are resistant to torment.
Your stone body is resilient. (AC +3)
You are immune to poison.
You resist negative energy. (rN+)
You are resistant to electric shocks. (rElec)
You can survive without breathing.
You are immune to petrification.
You are immune to rotting.


Message History

You completely miss the iguana.
The iguana is almost dead.
The iguana bites you but does no damage.
Your shield and scale mail prevent you from hitting the iguana.
The iguana is almost dead.
The iguana bites you.
You barely miss the iguana.
The iguana is almost dead.
The iguana bites you. You block the iguana's attack.
You barely miss the iguana.
The iguana is almost dead.
The iguana bites you but does no damage.
You hit the iguana.
The iguana is almost dead.
The iguana bites you!
* * * LOW HITPOINT WARNING * * *
You hit the iguana.
The iguana is almost dead.
The iguana bites you!
You die...

#.##..#.......# #.# #.#
##...# #.......####..# #.#
#.# #.#.# ..............#
#.# #.# #.#.#
..##.#..#####.# #.# #..
#.#.# ........# #.# #.##
### #.#.# ..##.#).# #.#
#..# #.#.# .#.#.#.##
#.#####.###### #[ .#
###....######.##..)......#
................@l.........
#############.##.##.##.#.##
#.##.##.# .# # #.##.##.. #
#....##### ######


You could see an iguana.

Vanquished Creatures
  An adder (D:2)
  2 oozes
  An adder zombie (D:3)
  3 worms (D:2)
  A ball python (D:1)
  5 giant cockroaches
  4 goblins
  10 hobgoblins
  2 jackals (D:1)
  10 kobolds
  A quokka (D:3)
  8 bats
  2 frilled lizards
  9 rats
59 creatures vanquished.

Notes
Turn   | Place    | Note
-------+----------+-------------------------------------------
     0 | D:1      | Kingsmith the Gargoyle Fighter began the quest for the Orb.
     0 | D:1      | Reached XP level 1. HP: 14/14 MP: 1/1
    59 | D:1      | Reached XP level 2. HP: 17/20 MP: 2/2
    83 | D:1      | Reached skill level 4 in Fighting
   142 | D:1      | Found a sparkling altar of Nemelex Xobeh.
   348 | D:1      | Reached XP level 3. HP: 22/24 MP: 3/3
   836 | D:2      | Found a faded altar of an unknown god.
   956 | D:2      | Reached skill level 5 in Fighting
  1154 | D:2      | Reached XP level 4. HP: 27/31 MP: 1/4
  1775 | D:3      | Found a shattered altar of Ashenzari.
  1775 | D:3      | Found a glowing golden altar of the Shining One.
  1780 | D:3      | Found an opulent altar of Gozag.
  1782 | D:3      | Found a faded altar of an unknown god.
  1784 | D:3      | Found a glowing silver altar of Zin.
  1832 | D:3      | Became a worshipper of the Shining One
  2177 | D:3      | Slain by an iguana

Skill      XL: |  1  2  3 |
---------------+----------+-----
Fighting       | 4 5 |  5.7
Maces & Flails | |  2.0
Armour         | |  3.2
Shields        | |  3.2

Action                   |  1- 3 |  4- 6 || total
-------------------------+-------+-------++-------
Melee: Flail             |    82 |       ||    82
       Spear             |   108 |   132 ||   240
  Eat: Chunk             |     1 |     3 ||     4
Armor: Scale mail        |    68 |    39 ||   107
Dodge: Dodged            |    48 |    37 ||    85
Block: Shield            |    84 |    37 ||   121
